[ PARTIDA AOE2 · #466999867 ]
1v1 RMPortugueses vs Goths
Equipo del jugador · DERR
Equipo rival · VICT
[ ANÁLISIS DE REPETICIÓN · EXTRAÍDO DE LA PARTIDA GRABADA ]
Feudal
10:28
Castillos
23:50
Imperial
42:12
| APM promedio | 33.4 |
| APM pico | 57 |
| eAPM promedio | 21.0 |
| Aldeanos / militares | 203 / 356 |
Foco
⚔️ 36.8% · 🌾 63.2%
Militia ×273 · Archer ×49 · Hand Cannoneer ×26 · Battering Ram ×4 · Trebuchet (Packed) ×4
Feudal
—
Castillos
—
Imperial
—
| APM promedio | 47.0 |
| APM pico | 101 |
| eAPM promedio | 28.4 |
| Aldeanos / militares | 154 / 425 |
Foco
⚔️ 44.2% · 🌾 55.8%
Huskarl ×200 · Militia ×198 · Spearman ×22 · Trebuchet (Packed) ×5
Mapa de la partida
Recursos iniciales + cada clic de construcción. Líneas = muros · curvas = relieve. ◆ oro · ⬟ piedra · ● bayas · ✦ reliquia · ◌ hueco del cierre
Tu base· Abierta — flanco sin cerrar
Base de DanielArria· Abierta — hueco de 4t
Terreno inicial suavizado · ◌ = hueco del cierre detectado · pasá el cursor para detalles
Inputs por minuto
— [iBR] tyyr ironside - - DanielArria
Build order — [iBR] tyyr ironside
Primeras 150 de 546 acciones detectadas
| 0:02 | Crear | Villager (Male) ×4 |
| 0:05 | Construir | House |
| 0:06 | Construir | House |
| 1:29 | Crear | Villager (Male) |
| 1:52 | Construir | Lumber Camp |
| 2:01 | Crear | Villager (Male) |
| 2:23 | Crear | Villager (Male) |
| 3:07 | Crear | Villager (Male) |
| 3:08 | Crear | Villager (Male) |
| 3:47 | Crear | Villager (Male) |
| 4:12 | Crear | Villager (Male) |
| 4:15 | Crear | Villager (Male) |
| 4:17 | Construir | House |
| 4:19 | Construir | House |
| 4:47 | Construir | Mill |
| 5:03 | Crear | Villager (Male) |
| 5:05 | Crear | Villager (Male) |
| 5:37 | Crear | Villager (Male) |
| 6:18 | Crear | Villager (Male) |
| 6:47 | Construir | Barracks |
| 6:51 | Crear | Villager (Male) |
| 7:14 | Construir | House |
| 7:22 | Construir | Mining Camp |
| 7:28 | Crear | Villager (Male) |
| 7:51 | Investigar | Feudal Age |
| 7:54 | Investigar | Loom |
| 8:02 | Investigar | Feudal Age |
| 8:12 | Crear | Militia |
| 8:13 | Crear | Militia |
| 8:16 | Construir | House |
| 8:50 | Crear | Militia |
| 8:52 | Crear | Militia |
| 10:09 | Crear | Villager (Male) |
| 10:09 | Crear | Villager (Male) |
| 10:28 | Edad | Edad Feudal |
| 10:31 | Investigar | Man-at-Arms (upgrade) |
| 10:34 | Investigar | Double-Bit Axe |
| 10:36 | Investigar | Horse Collar |
| 11:12 | Construir | Archery Range |
| 11:23 | Crear | Villager (Male) |
| 11:26 | Crear | Villager (Male) |
| 11:44 | Construir | Palisade Wall |
| 11:45 | Construir | Palisade Wall |
| 11:47 | Construir | Palisade Wall |
| 11:59 | Construir | Archery Range |
| 12:14 | Crear | Villager (Male) |
| 12:14 | Crear | Villager (Male) |
| 12:26 | Construir | Palisade Wall |
| 12:33 | Crear | Villager (Male) |
| 13:20 | Construir | House |
| 13:24 | Construir | House |
| 13:34 | Crear | Archer |
| 13:34 | Crear | Archer |
| 13:46 | Crear | Archer |
| 13:53 | Crear | Archer |
| 13:56 | Construir | House |
| 14:06 | Construir | Blacksmith |
| 14:18 | Crear | Archer |
| 14:38 | Crear | Villager (Male) |
| 14:38 | Crear | Villager (Male) |
| 14:39 | Crear | Villager (Male) |
| 14:41 | Crear | Archer |
| 15:01 | Construir | Farm |
| 15:02 | Construir | Farm |
| 15:02 | Construir | Farm |
| 15:02 | Construir | Farm |
| 15:03 | Construir | Farm |
| 15:03 | Construir | Farm |
| 15:03 | Construir | Farm |
| 15:05 | Crear | Villager (Male) |
| 15:05 | Crear | Villager (Male) |
| 15:11 | Investigar | Fletching |
| 15:57 | Construir | Farm |
| 16:13 | Construir | Farm |
| 16:14 | Construir | Farm |
| 16:14 | Construir | Farm |
| 16:14 | Construir | Farm |
| 16:15 | Construir | Farm |
| 16:16 | Crear | Villager (Male) |
| 16:17 | Crear | Villager (Male) |
| 16:54 | Construir | Farm |
| 16:54 | Construir | Farm |
| 17:27 | Crear | Archer |
| 17:29 | Crear | Villager (Male) |
| 17:31 | Construir | Lumber Camp |
| 17:36 | Crear | Villager (Male) |
| 18:16 | Construir | Farm |
| 18:16 | Construir | Farm |
| 18:16 | Construir | Farm |
| 18:16 | Construir | Farm |
| 18:20 | Crear | Villager (Male) |
| 18:34 | Crear | Villager (Male) |
| 19:08 | Crear | Archer |
| 19:10 | Crear | Archer |
| 19:15 | Crear | Villager (Male) |
| 19:21 | Construir | Farm |
| 19:31 | Crear | Villager (Male) |
| 19:48 | Crear | Archer |
| 19:52 | Construir | Farm |
| 20:03 | Construir | Market |
| 20:07 | Crear | Villager (Male) |
| 20:10 | Investigar | Wheelbarrow |
| 20:19 | Crear | Archer |
| 20:35 | Construir | House |
| 20:36 | Construir | House |
| 20:37 | Construir | House |
| 21:10 | Investigar | Castle Age |
| 21:18 | Construir | Archery Range |
| 21:34 | Investigar | Padded Archer Armor |
| 21:42 | Investigar | Gold Mining |
| 22:52 | Crear | Archer |
| 22:52 | Crear | Archer |
| 22:56 | Construir | Barracks |
| 23:01 | Investigar | Scale Mail Armor |
| 23:02 | Investigar | Forging |
| 23:22 | Crear | Villager (Male) |
| 23:23 | Crear | Villager (Male) |
| 23:50 | Edad | Edad de los Castillos |
| 23:55 | Investigar | Crossbowman (upgrade) |
| 23:56 | Investigar | Bodkin Arrow |
| 23:57 | Crear | Villager (Male) |
| 24:01 | Construir | Town Center |
| 24:04 | Crear | Villager (Male) |
| 24:37 | Construir | Town Center |
| 24:39 | Crear | Villager (Male) |
| 24:39 | Crear | Villager (Male) |
| 24:42 | Crear | Archer |
| 24:43 | Crear | Archer |
| 24:44 | Crear | Archer |
| 24:44 | Crear | Archer |
| 25:13 | Investigar | Long Swordsman (upgrade) |
| 25:20 | Investigar | Iron Casting |
| 25:29 | Crear | Villager (Male) |
| 25:30 | Crear | Villager (Male) |
| 25:58 | Construir | Farm |
| 26:00 | Crear | Militia |
| 26:00 | Crear | Militia |
| 26:00 | Crear | Militia |
| 26:01 | Crear | Militia |
| 26:01 | Crear | Militia |
| 26:02 | Crear | Militia |
| 26:13 | Construir | Farm |
| 26:18 | Construir | Farm |
| 26:18 | Construir | Farm |
| 26:19 | Construir | Farm |
| 26:19 | Construir | Farm |
| 26:20 | Construir | Farm |
| 26:27 | Crear | Villager (Male) |
| 26:28 | Crear | Villager (Male) |
| 26:32 | Crear | Villager (Male) |
Build order — DanielArria
Primeras 150 de 793 acciones detectadas
| 0:11 | Construir | House |
| 0:15 | Construir | House |
| 0:17 | Crear | Villager (Male) |
| 0:17 | Crear | Villager (Male) |
| 0:18 | Crear | Villager (Male) |
| 0:18 | Crear | Villager (Male) |
| 0:20 | Investigar | Loom |
| 1:43 | Crear | Villager (Male) |
| 2:30 | Crear | Villager (Male) |
| 2:32 | Construir | Lumber Camp |
| 2:38 | Crear | Villager (Male) |
| 3:06 | Construir | House |
| 3:24 | Crear | Villager (Male) |
| 3:24 | Crear | Villager (Male) |
| 3:24 | Crear | Villager (Male) |
| 3:31 | Construir | House |
| 4:12 | Crear | Villager (Male) |
| 4:12 | Crear | Villager (Male) |
| 4:13 | Crear | Villager (Male) |
| 4:45 | Crear | Villager (Male) |
| 5:21 | Crear | Villager (Male) |
| 5:38 | Construir | Mill |
| 6:25 | Crear | Villager (Male) |
| 6:55 | Crear | Villager (Male) |
| 6:56 | Crear | Villager (Male) |
| 6:56 | Crear | Villager (Male) |
| 7:05 | Crear | Villager (Male) |
| 7:52 | Construir | Mining Camp |
| 8:13 | Construir | Barracks |
| 8:18 | Construir | House |
| 8:37 | Investigar | Feudal Age |
| 9:22 | Crear | Militia |
| 9:23 | Crear | Militia |
| 9:23 | Crear | Militia |
| 9:42 | Construir | Lumber Camp |
| 9:50 | Construir | House |
| 9:51 | Construir | Palisade Wall |
| 9:57 | Crear | Militia |
| 9:57 | Crear | Militia |
| 10:04 | Construir | House |
| 10:38 | Construir | House |
| 10:41 | Construir | House |
| 10:43 | Construir | House |
| 10:53 | Investigar | Man-at-Arms (upgrade) |
| 11:05 | Construir | House |
| 11:10 | Construir | Palisade Wall |
| 11:11 | Construir | Palisade Wall |
| 11:17 | Crear | Villager (Male) |
| 11:17 | Crear | Villager (Male) |
| 11:19 | Crear | Villager (Male) |
| 11:26 | Crear | Spearman |
| 11:53 | Crear | Militia |
| 11:56 | Crear | Villager (Male) |
| 12:05 | Investigar | Double-Bit Axe |
| 12:08 | Crear | Militia |
| 12:16 | Crear | Militia |
| 12:26 | Crear | Villager (Male) |
| 12:48 | Construir | Palisade Wall |
| 13:13 | Crear | Villager (Male) |
| 13:16 | Construir | Blacksmith |
| 13:18 | Crear | Militia |
| 13:18 | Crear | Militia |
| 13:19 | Crear | Militia |
| 13:28 | Construir | Palisade Wall |
| 13:50 | Crear | Villager (Male) |
| 13:56 | Construir | Farm |
| 13:56 | Construir | Farm |
| 13:56 | Construir | Farm |
| 13:57 | Construir | Farm |
| 13:57 | Construir | Farm |
| 13:57 | Construir | Farm |
| 13:57 | Construir | Farm |
| 14:06 | Crear | Villager (Male) |
| 14:42 | Crear | Militia |
| 14:44 | Crear | Militia |
| 14:57 | Crear | Villager (Male) |
| 15:29 | Construir | Market |
| 15:34 | Crear | Villager (Male) |
| 15:36 | Construir | Farm |
| 15:39 | Construir | Farm |
| 16:19 | Construir | Farm |
| 16:27 | Crear | Villager (Male) |
| 16:27 | Crear | Villager (Male) |
| 16:27 | Crear | Villager (Male) |
| 16:39 | Construir | Watch Tower |
| 16:40 | Crear | Villager (Male) |
| 16:40 | Crear | Villager (Male) |
| 16:56 | Construir | Mining Camp |
| 17:32 | Construir | Mining Camp |
| 17:54 | Construir | Watch Tower |
| 18:03 | Crear | Villager (Male) |
| 18:27 | Crear | Villager (Male) |
| 18:34 | Construir | Farm |
| 18:36 | Construir | Farm |
| 19:10 | Construir | Farm |
| 19:24 | Crear | Villager (Male) |
| 20:12 | Investigar | Castle Age |
| 20:12 | Investigar | Castle Age |
| 20:17 | Crear | Militia |
| 20:18 | Crear | Militia |
| 20:31 | Investigar | Horse Collar |
| 20:51 | Construir | Farm |
| 20:52 | Construir | Farm |
| 21:06 | Crear | Militia |
| 21:07 | Crear | Militia |
| 21:07 | Crear | Militia |
| 21:07 | Crear | Militia |
| 21:17 | Construir | Farm |
| 21:26 | Investigar | Scale Mail Armor |
| 21:41 | Construir | Watch Tower |
| 21:48 | Investigar | Forging |
| 22:17 | Crear | Villager (Male) |
| 22:51 | Crear | Militia |
| 22:51 | Crear | Militia |
| 23:05 | Construir | Town Center |
| 23:06 | Crear | Villager (Male) |
| 23:25 | Crear | Villager (Male) |
| 23:56 | Construir | Farm |
| 23:56 | Construir | Farm |
| 23:57 | Construir | Farm |
| 24:26 | Crear | Villager (Male) |
| 24:26 | Crear | Villager (Male) |
| 24:26 | Crear | Villager (Male) |
| 24:27 | Crear | Villager (Male) |
| 24:51 | Construir | Castle |
| 24:52 | Crear | Villager (Male) |
| 24:53 | Crear | Villager (Male) |
| 24:58 | Construir | Lumber Camp |
| 25:32 | Crear | Villager (Male) |
| 25:32 | Crear | Villager (Male) |
| 25:32 | Crear | Villager (Male) |
| 26:05 | Construir | Town Center |
| 26:09 | Crear | Villager (Male) |
| 26:09 | Crear | Villager (Male) |
| 26:15 | Crear | Huskarl |
| 26:15 | Crear | Huskarl |
| 26:15 | Crear | Huskarl |
| 26:24 | Crear | Villager (Male) |
| 26:36 | Construir | Farm |
| 26:37 | Crear | Villager (Male) |
| 26:37 | Crear | Villager (Male) |
| 26:56 | Crear | Villager (Male) |
| 26:56 | Crear | Villager (Male) |
| 27:09 | Construir | Farm |
| 27:10 | Construir | Farm |
| 27:10 | Construir | Farm |
| 27:10 | Construir | Farm |
| 27:10 | Construir | Farm |
| 27:10 | Construir | Farm |
| 27:11 | Construir | Farm |
Cronología de la partida
| 6:47 | [iBR] tyyr ironside · first_building Barracks |
| 8:13 | DanielArria · first_building Barracks |
| 9:51 | DanielArria · wall_segment Palisade Wall x1 |
| 10:28 | [iBR] tyyr ironside · age_up feudal |
| 11:10 | DanielArria · wall_segment Palisade Wall x13 |
| 11:11 | DanielArria · wall_segment Palisade Wall x2 |
| 11:12 | [iBR] tyyr ironside · first_building Archery Range |
| 11:44 | [iBR] tyyr ironside · wall_segment Palisade Wall x1 |
| 11:45 | [iBR] tyyr ironside · wall_segment Palisade Wall x1 |
| 11:47 | [iBR] tyyr ironside · wall_segment Palisade Wall x1 |
| 12:26 | [iBR] tyyr ironside · wall_segment Palisade Wall x1 |
| 12:48 | DanielArria · wall_segment Palisade Wall x6 |
| 13:28 | DanielArria · wall_segment Palisade Wall x9 |
| 17:47 | DanielArria · first_market_buy 100 stone |
| 19:21 | DanielArria · first_market_sell 100 wood |
| 21:08 | [iBR] tyyr ironside · first_market_buy 100 food |
| 23:50 | [iBR] tyyr ironside · age_up castle |
| 24:51 | DanielArria · first_building Castle |
| 27:51 | [iBR] tyyr ironside · first_building Siege Workshop |
| 39:20 | [iBR] tyyr ironside · first_building Castle |
| 42:12 | [iBR] tyyr ironside · age_up imperial |
| 55:38 | DanielArria · wall_segment Palisade Wall x1 |
| 55:41 | DanielArria · wall_segment Palisade Wall x1 |
| 55:42 | DanielArria · wall_segment Palisade Wall x1 |
| 55:43 | DanielArria · wall_segment Palisade Wall x1 |
| 57:06 | [iBR] tyyr ironside · resign |
[ ANÁLISIS IA · 1 CRÉDITO ]
¿Qué pasó realmente en esta partida?
Wolo.gg analiza cada decisión: build order, eco, micro, errores típicos por bracket. Análisis personalizado por WhatsApp o Discord en 30 segundos.
Guía civ
Portugueses
Guía mapa
Arabia
Perfil
Jugador #344643